TOP OF THE 1ST |
Grand Forks Caterpillars batting - Pitching for Grim Reapers : RHP Edward Scarborough
|
Pitching: RHP Edward Scarborough
|
|
Batting: RHB Elvis Norfleet
|
0-0: Called Strike 0-1: Foul Ball, location: 2F 0-2: Ball 1-2: Ball 2-2: Foul Ball, location: 2F 2-2: Ball 3-2: Strikes out looking
|
Batting: SHB Leo Szilard
|
0-0: Ball 1-0: Ball 2-0: Called Strike 2-1: Ground out 5-3 (Groundball, 56)
|
Batting: LHB Augustus Driscoll
|
0-0: Called Strike 0-1: Swinging Strike 0-2: Ball 1-2: Ball 2-2: Ball 3-2: Foul Ball, location: 2F 3-2: Ground out 4-3 (Groundball, 4)
|
Top of the 1st over - 0 run(s), 0 hit(s), 0 error(s), 0 left on base; Grand Forks 0 - Grim 0 |
BOTTOM OF THE 1ST |
Grim Reapers batting - Pitching for Grand Forks Caterpillars : RHP Hikaru Nakayama
|
Pitching: RHP Hikaru Nakayama
|
|
Batting: SHB Javier Vázquez
|
0-0: Ball 1-0: Fly out, F8 (Flyball, 8RM)
|
Batting: RHB Tomás Costello
|
0-0: Foul Ball, location: 2F 0-1: Ball 1-1: Ball 2-1: Ground out 4-3 (Groundball, 4)
|
Batting: RHB Carlos Evangelho
|
0-0: Ball 1-0: Ball 2-0: Foul Ball, location: 2F 2-1: Swinging Strike 2-2: Ball 3-2: Fly out, F8 (Flyball, 8RM)
|
Bottom of the 1st over - 0 run(s), 0 hit(s), 0 error(s), 0 left on base; Grand Forks 0 - Grim 0 |
TOP OF THE 2ND |
Grand Forks Caterpillars batting - Pitching for Grim Reapers : RHP Edward Scarborough
|
Batting: RHB Jorge Noutel
|
0-0: SINGLE (Line Drive, 8RS)
|
Batting: LHB Gary Malone
|
0-0: Ball 1-0: Ball 2-0: Called Strike 2-1: Ball 3-1: DOUBLE (Line Drive, 7LM) Jorge Noutel to third
|
Batting: RHB Ricardo Aguilar
|
0-0: Called Strike 0-1: Ball 1-1: Swinging Strike 1-2: Ball 2-2: Foul Ball, location: 2F 2-2: Ground out 4-3 (Groundball, 4) Jorge Noutel scores Gary Malone to third
|
Batting: RHB Joel Burrell
|
0-0: SINGLE (Line Drive, 8LM) Gary Malone scores
|
Batting: RHB Carlos Romero
|
0-0: Called Strike 0-1: Fly out, F8 (Flyball, 8LS)
|
Batting: LHB Michael Woodard
|
0-0: Called Strike 0-1: Foul Ball, location: 2F 0-2: Strikes out looking
|
Top of the 2nd over - 2 run(s), 3 hit(s), 0 error(s), 1 left on base; Grand Forks 2 - Grim 0 |
BOTTOM OF THE 2ND |
Grim Reapers batting - Pitching for Grand Forks Caterpillars : RHP Hikaru Nakayama
|
Batting: LHB Dante Aristizabal
|
0-0: Foul Ball, location: 2F 0-1: Ball 1-1: SINGLE (Flyball, 7S)
|
Batting: RHB Júlio Gonzáles
|
0-0: Ball Wild Pitch! Dante Aristizabal to second 1-0: Ball 2-0: Foul Ball, location: 2F 2-1: Foul Ball, location: 2F 2-2: Foul Ball, location: 2F 2-2: SINGLE (Line Drive, 89S) Dante Aristizabal to third
|
Batting: LHB Bayanai Gonzalez
|
0-0: Ball 1-0: Foul Ball, location: 2F 1-1: DOUBLE (Line Drive, 89M) Dante Aristizabal scores Júlio Gonzáles to third Runner from 3rd tries for Home, SAFE, no throw
|
Batting: RHB Ricardo Pulido
|
0-0: Called Strike 0-1: Fly out, F6 (Popup, 6S)
|
Batting: RHB Ignacio Hernández
|
0-0: Ground out 6-3 (Groundball, 6)
|
Batting: RHB Mason Congdon
|
0-0: Ball Wild Pitch! Bayanai Gonzalez to third 1-0: Swinging Strike 1-1: Ball 2-1: Fly out, F2 (Popup, 5S)
|
Bottom of the 2nd over - 2 run(s), 3 hit(s), 0 error(s), 1 left on base; Grand Forks 2 - Grim 2 |
TOP OF THE 3RD |
Grand Forks Caterpillars batting - Pitching for Grim Reapers : RHP Edward Scarborough
|
Batting: RHB Elvis Norfleet
|
0-0: Called Strike 0-1: Ground out 5-3 (Groundball, 56S)
|
Batting: SHB Leo Szilard
|
0-0: Ball 1-0: Foul Ball, location: 2F 1-1: Ball 2-1: Foul Ball, location: 2F 2-2: DOUBLE (Line Drive, 78M)
|
Batting: LHB Augustus Driscoll
|
0-0: Called Strike 0-1: Foul Ball, location: 2F 0-2: DOUBLE (Groundball, 3L) Leo Szilard scores
|
Batting: RHB Jorge Noutel
|
0-0: Ball 1-0: Ground out 6-3 (Groundball, 6)
|
Batting: LHB Gary Malone
|
0-0: Ball 1-0: Foul Ball, location: 2F 1-1: Ball 2-1: Foul Ball, location: 2F 2-2: Strikes out swinging
|
Top of the 3rd over - 1 run(s), 2 hit(s), 0 error(s), 1 left on base; Grand Forks 3 - Grim 2 |
BOTTOM OF THE 3RD |
Grim Reapers batting - Pitching for Grand Forks Caterpillars : RHP Hikaru Nakayama
|
Batting: SHB Javier Vázquez
|
0-0: Called Strike 0-1: Ball 1-1: SINGLE (Groundball, P) (infield hit)
|
Batting: RHB Tomás Costello
|
0-0: Ball 1-0: Foul Ball, location: 2F 1-1: Ball Throwing error on steal attempt, E2 Javier Vázquez to third 2-1: Ball 3-1: Base on Balls
|
Batting: RHB Carlos Evangelho
|
0-0: Foul Ball, location: 2F 0-1: Ball 1-1: Ball 2-1: Ball 3-1: SINGLE (Groundball, 6MD) Javier Vázquez scores Tomás Costello to second
|
Batting: LHB Dante Aristizabal
|
0-0: Grounds into double play, 1-4-3 (Groundball, 15S) Tomás Costello to third
|
Batting: RHB Júlio Gonzáles
|
0-0: Ball 1-0: Foul Ball, location: 2F 1-1: Foul Ball, location: 2F 1-2: Ball 2-2: Foul Ball, location: 2F 2-2: Ground out 6-3 (Groundball, 6D)
|
Bottom of the 3rd over - 1 run(s), 2 hit(s), 1 error(s), 1 left on base; Grand Forks 3 - Grim 3 |
TOP OF THE 4TH |
Grand Forks Caterpillars batting - Pitching for Grim Reapers : RHP Edward Scarborough
|
Batting: RHB Ricardo Aguilar
|
0-0: Called Strike 0-1: Ball 1-1: Foul Ball, location: 2F 1-2: Ball 2-2: Ball 3-2: Foul Ball, location: 2F 3-2: Strikes out swinging
|
Batting: RHB Joel Burrell
|
0-0: Fly out, F9 (Flyball, 9LM)
|
Batting: RHB Carlos Romero
|
0-0: Ball 1-0: SINGLE (Line Drive, 56D)
|
Batting: LHB Michael Woodard
|
0-0: Ball 1-0: Ball Carlos Romero steals 2nd base 2-0: Ball 3-0: Called Strike 3-1: Swinging Strike 3-2: Fly out, F7 (Flyball, 7S)
|
Top of the 4th over - 0 run(s), 1 hit(s), 0 error(s), 1 left on base; Grand Forks 3 - Grim 3 |
BOTTOM OF THE 4TH |
Grim Reapers batting - Pitching for Grand Forks Caterpillars : RHP Hikaru Nakayama
|
Batting: LHB Bayanai Gonzalez
|
0-0: Ground out 6-3 (Groundball, 6)
|
Batting: RHB Ricardo Pulido
|
0-0: Ball 1-0: Foul Ball, location: 2F 1-1: Ground out 6-3 (Groundball, 6)
|
Batting: RHB Ignacio Hernández
|
0-0: Ball 1-0: Ball 2-0: Called Strike 2-1: Fly out, F7 (Flyball, 7LM)
|
Bottom of the 4th over - 0 run(s), 0 hit(s), 0 error(s), 0 left on base; Grand Forks 3 - Grim 3 |
TOP OF THE 5TH |
Grand Forks Caterpillars batting - Pitching for Grim Reapers : RHP Edward Scarborough
|
Batting: RHB Elvis Norfleet
|
0-0: Ball 1-0: Swinging Strike 1-1: Ground out 4-3 (Groundball, 4)
|
Batting: SHB Leo Szilard
|
0-0: Swinging Strike 0-1: Ball 1-1: Swinging Strike 1-2: Ball 2-2: Strikes out swinging
|
Batting: LHB Augustus Driscoll
|
0-0: Foul Ball, location: 2F 0-1: Fly out, F8 (Line Drive, 78M)
|
Top of the 5th over - 0 run(s), 0 hit(s), 0 error(s), 0 left on base; Grand Forks 3 - Grim 3 |
BOTTOM OF THE 5TH |
Grim Reapers batting - Pitching for Grand Forks Caterpillars : RHP Hikaru Nakayama
|
Batting: RHB Mason Congdon
|
0-0: Fly out, F3 (Popup, 34)
|
Batting: SHB Javier Vázquez
|
0-0: Ball 1-0: Ground out U3 (Groundball, 34)
|
Batting: RHB Tomás Costello
|
0-0: Ball 1-0: SINGLE (Groundball, 4MD)
|
Batting: RHB Carlos Evangelho
|
0-0: Foul Ball, location: 2F 0-1: Foul Ball, location: 2F 0-2: Ball 1-2: Foul Ball, location: 2F 1-2: Ball 2-2: Fly out, F4 (Popup, 34)
|
Bottom of the 5th over - 0 run(s), 1 hit(s), 0 error(s), 1 left on base; Grand Forks 3 - Grim 3 |
TOP OF THE 6TH |
Grand Forks Caterpillars batting - Pitching for Grim Reapers : RHP Edward Scarborough
|
Batting: RHB Jorge Noutel
|
0-0: Ball 1-0: Ball 2-0: Ball 3-0: Called Strike 3-1: SINGLE (Line Drive, 56D)
|
Batting: LHB Gary Malone
|
0-0: Ball 1-0: Called Strike 1-1: Called Strike 1-2: Foul Ball, location: 2F 1-2: Strikes out swinging
|
Batting: RHB Ricardo Aguilar
|
0-0: Ball 1-0: Called Strike 1-1: Called Strike 1-2: Strikes out swinging
|
Batting: RHB Joel Burrell
|
0-0: Ball Jorge Noutel steals 2nd base 1-0: Foul Ball, location: 2F 1-1: Fly out, F7 (Flyball, 7S)
|
Top of the 6th over - 0 run(s), 1 hit(s), 0 error(s), 1 left on base; Grand Forks 3 - Grim 3 |
BOTTOM OF THE 6TH |
Grim Reapers batting - Pitching for Grand Forks Caterpillars : RHP Hikaru Nakayama
|
Batting: LHB Dante Aristizabal
|
0-0: Called Strike 0-1: Ball 1-1: Fly out, F7 (Flyball, 7S)
|
Batting: RHB Júlio Gonzáles
|
0-0: Ground out 6-3 (Groundball, 6M)
|
Batting: LHB Bayanai Gonzalez
|
0-0: Ground out 4-3 (Groundball, 4M)
|
Bottom of the 6th over - 0 run(s), 0 hit(s), 0 error(s), 0 left on base; Grand Forks 3 - Grim 3 |
TOP OF THE 7TH |
Grand Forks Caterpillars batting - Pitching for Grim Reapers : RHP Edward Scarborough
|
Pinch Hitting: RHB Jim Unknown
|
0-0: Ball 1-0: Called Strike 1-1: Ball 2-1: Fly out, F8 (Flyball, 8RM)
|
Batting: LHB Michael Woodard
|
0-0: Ball 1-0: Called Strike 1-1: Ground out 4-3 (Groundball, 4S)
|
Pinch Hitting: RHB José Báez
|
0-0: Ground out 5-3 (Groundball, 25)
|
Top of the 7th over - 0 run(s), 0 hit(s), 0 error(s), 0 left on base; Grand Forks 3 - Grim 3 |
BOTTOM OF THE 7TH |
Grim Reapers batting - Pitching for Grand Forks Caterpillars : RHP Hikaru Nakayama
|
Now at SS: José Báez
|
|
Pinch Hitting: RHB Jim Unknown
|
0-0: Ball
|
Now in LF: Jim Unknown
|
1-0: Foul Ball, location: 2F 1-1: Ball 2-1: Called Strike 2-2: Ball 3-2: Foul Ball, location: 2F 3-2: SINGLE (Groundball, 6MD)
|
Pinch Hitting: RHB Jeb Sexton
|
0-0: Ball 1-0: Sac Bunt - play at second, runner OUT! 5-6
|
Batting: RHB Mason Congdon
|
0-0: Ball 1-0: Fly out, F6 (Popup, 5D)
|
Pitching: RHP Georg von Trapp
|
|
Batting: SHB Javier Vázquez
|
0-0: Ball 1-0: Foul Ball, location: 2F 1-1: Ball 2-1: Ball 3-1: Called Strike 3-2: Ground out 4-3 (Groundball, 4)
|
Bottom of the 7th over - 0 run(s), 1 hit(s), 0 error(s), 1 left on base; Grand Forks 3 - Grim 3 |
TOP OF THE 8TH |
Grand Forks Caterpillars batting - Pitching for Grim Reapers : RHP Edward Scarborough
|
Now at SS: Jeb Sexton
|
|
Now in RF: Jim Unknown
|
|
Batting: SHB Leo Szilard
|
0-0: Foul Ball, location: 2F 0-1: Fly out, F7 (Flyball, 7LS)
|
Batting: LHB Augustus Driscoll
|
0-0: Called Strike 0-1: Swinging Strike 0-2: Ball 1-2: Ground out 4-3 (Groundball, 4M)
|
Pinch Hitting: LHB Alberto Garza
|
0-0: Foul Ball, location: 2F 0-1: Ball 1-1: Ball 2-1: Fly out, F8 (Flyball, 8LM)
|
Top of the 8th over - 0 run(s), 0 hit(s), 0 error(s), 0 left on base; Grand Forks 3 - Grim 3 |
BOTTOM OF THE 8TH |
Grim Reapers batting - Pitching for Grand Forks Caterpillars : RHP Georg von Trapp
|
Now at 3B: Dolla Head
|
|
Pinch Hitting: RHB Bernardo Rodríguez
|
0-0: SOLO HOME RUN (Flyball, 78XD), Distance : 427 ft
|
Batting: RHB Carlos Evangelho
|
0-0: SINGLE (Groundball, 56D)
|
Batting: LHB Dante Aristizabal
|
0-0: Ball 1-0: Foul Ball, location: 2F 1-1: Foul Ball, location: 2F 1-2: DOUBLE (Groundball, 5L) Carlos Evangelho to third
|
Batting: RHB Júlio Gonzáles
|
0-0: Foul Ball, location: 2F 0-1: Foul Ball, location: 2F 0-2: Ball 1-2: Ball 2-2: Ball 3-2: Foul Ball, location: 2F 3-2: Fly out, F9 (Line Drive, 89S)
|
Batting: LHB Bayanai Gonzalez
|
0-0: Foul Ball, location: 2F 0-1: Foul Ball, location: 2F 0-2: Ball 1-2: Strikes out swinging
|
Batting: RHB Jim Unknown
|
0-0: SINGLE (Groundball, 56S) (infield hit) Carlos Evangelho scores Dante Aristizabal to third
|
Batting: RHB Jeb Sexton
|
0-0: Called Strike 0-1: Ball 1-1: Ball 2-1: Fly out, F4 (Flyball, 4D)
|
Bottom of the 8th over - 2 run(s), 4 hit(s), 0 error(s), 2 left on base; Grand Forks 3 - Grim 5 |
TOP OF THE 9TH |
Grand Forks Caterpillars batting - Pitching for Grim Reapers : RHP Edward Scarborough
|
Pitching: RHP Briggs Bourgeois
|
|
Now at 2B: Rafael Gómez
|
|
Batting: LHB Gary Malone
|
0-0: Called Strike 0-1: Ball 1-1: Ball 2-1: Ball 3-1: Foul Ball, location: 2F 3-2: Strikes out looking
|
Batting: RHB Ricardo Aguilar
|
0-0: Foul Ball, location: 2F 0-1: Ball 1-1: Foul Ball, location: 2F 1-2: Strikes out swinging
|
Batting: RHB Joel Burrell
|
0-0: Ball 1-0: Ball 2-0: Fly out, F7 (Flyball, 7S)
|
Top of the 9th over - 0 run(s), 0 hit(s), 0 error(s), 0 left on base; Grand Forks 3 - Grim 5 |
|